 Dungeon Crawl Stone Soup version 0.31-a0-981-geadf994542 (webtiles) character file.

Game seed: 10341854921149870705

1831 Malachi the Trooper (level 8, -2/65 HPs)
             Began as a Demonspawn Shapeshifter on Oct 31, 2023.
             Was an Initiate of Dithmenos.
             Slain by a lemure (8 damage)
             ... led by Pikel
             ... on level 7 of the Dungeon.
             The game lasted 00:10:33 (5893 turns).

Malachi the Trooper (Demonspawn Shapeshifter)       Turns: 5893, Time: 00:10:34

Health: -2/65      AC:  8    Str: 14    XL:     8   Next: 86%
Magic:  11/12      EV: 10    Int: 14    God:    Dithmenos [......]
Gold:   312        SH:  0    Dex: 13    Spells: 12/13 levels left

rFire   . . .        m - +0 dagger
rCold   . . .        (no shield)
rNeg    . . .        h - +0 ring mail
rPois   .            g - +0 helmet of Ru's Scorn {Fly rElec}
rElec   +            (no cloak)
rCorr   .            (no gloves)
SInv    .            t - +1 pair of boots
Will    +....        (no amulet)
Stlth   +            j - ring of willpower
HPRegen 0.30/turn    (no ring)
MPRegen 0.13/turn

%: no passive effects
@: flying
A: hooves 1, powered by death 1, demonic magic 2, demonic touch 2
a: Renounce Religion


You were on level 7 of the Dungeon.
You worshipped Dithmenos.
Dithmenos was noncommittal.
You visited 2 branches of the dungeon, and saw 8 of its levels.
You also visited: Sewer.

You collected 312 gold pieces.

Inventory:

Hand Weapons
 m - a +0 dagger (weapon)
 r - a +0 demon blade
Missiles
 l - a throwing net
Armour
 a - a +0 animal skin
 g - the +0 helmet of Ru's Scorn (worn) {Fly rElec}
   (You acquired it on level 3 of the Dungeon)

   rElec:     It insulates you from electricity.
   Fly:       It grants you flight.
 h - a +0 ring mail (worn)
 t - a +1 pair of boots (worn)
Jewellery
 e - a ring of fire
 j - a ring of willpower (left hand)
Talismans
 c - a beast talisman
 d - a flux talisman
 w - a blade talisman
Wands
 k - a wand of roots (4)
 y - a wand of mindburst (9)
Scrolls
 f - 4 scrolls of enchant armour
 n - 2 scrolls of teleportation
 o - 3 scrolls of poison
 p - 2 scrolls of blinking
 q - 2 scrolls of amnesia
 s - a scroll of fog
 v - a scroll of noise
 x - 2 scrolls of identify
Potions
 b - 2 potions of lignification
 i - 5 potions of curing
 u - 2 potions of resistance
 z - 2 potions of mutation {unknown}
 A - a potion of attraction {unknown}
 B - a potion of heal wounds {unknown}


   Skills:
 + Level 6.8 Fighting
 + Level 4.0 Short Blades
 - Level 1.7 Dodging
 - Level 3.3 Unarmed Combat
 - Level 3.0 Spellcasting
 - Level 6.0 Earth Magic
 - Level 2.6 Shapeshifting


You had 12 spell levels left.
You knew the following spells:

 Your Spells              Type           Power      Damage    Failure   Level
a - Sandblast             Erth           38%        2d10      3%          1

Your spell library contained the following spells:

 Spells                   Type           Power      Damage    Failure   Level
 Passwall                 Tmut/Erth      8%         N/A       19%         2
 Stone Arrow              Conj/Erth      20%        3d8       36%         3
 Freeze                   Ice            8%         1d3       41%         1
 Cigotuvi's Dreadful Rot  Necr/Pois/Air  4%         N/A       54%         2
 Lesser Beckoning         Tloc           4%         N/A       54%         2
 Brom's Barrelling Bould  Conj/Erth      10%        2d3       77%         4
 Frozen Ramparts          Ice            4%         1d1       78%         3
 Gell's Gravitas          Tloc           2%         N/A       78%         3
 Hailstorm                Conj/Ice       2%         3d3       78%         3
 Ignite Poison            Fire/Tmut/Pois 2%         N/A       78%         3
 Teleport Other           Tloc           2%         N/A       78%         3
 Volatile Blastmotes      Fire/Tloc      4%         2d10      78%         3
 Anguish                  Hex/Necr       1%         N/A       99%         4
 Cause Fear               Hex            1%         N/A       99%         4
 Fulminant Prism          Conj/Hex       1%         3d5       99%         4
 Iskenderun's Mystic Bla  Conj/Tloc      2%         2d3       99%         4
 Summon Ice Beast         Ice/Summ       2%         N/A       99%         4
 Freezing Cloud           Conj/Ice/Air   1%         6-21      100%        5
 Summon Forest            Summ/Tloc      1%         N/A       100%        5
 Summon Mana Viper        Hex/Summ       2%         N/A       100%        5
 Simulacrum               Ice/Necr       1%         N/A       100%        6
 Summon Cactus Giant      Summ           1%         N/A       100%        6
 Enfeeble                 Hex            1%         N/A       100%        7


Dungeon Overview and Level Annotations

Branches:
Dungeon (7/15)             Temple (1/1) D:6           Sewer (visited)

Altars:
Ashenzari
Cheibriados
Dithmenos
Fedhas
Gozag
Hepliaklqana
Kikubaaqudgha
Nemelex Xobeh
Okawaru
Ru
Sif Muna
Trog
Uskayaw
Vehumet
Wu Jian
Xom
Yredelemnul

Shops:
D:1 :

Annotations:
D:3 3 runed translucent doors, exclusions: 3 doors and 1 more exclusion, chipmonk's ghost, amateur OpSh; dracos369's ghost, novice OgHW; niknal's ghost, amateur TeWr


Innate Abilities, Weirdness & Mutations

You have large cloven feet.
You regenerate a little health from kills.
Spells you cast may paralyse nearby enemies.
Your touch may inflict irresistible damage on your foes.


Message History

Aiming: Sandblast (safe; 3% risk of failure)
Press: ? - help, Q - select action, (/) - cycle Shift-Dir - straight line, f/p - scorpion
Aim: a scorpion (severely wounded, 82% to hit)
The blast of sand hits the scorpion but does no damage.
The scorpion is severely wounded.
Malevolent energies surge around you.
The scorpion suddenly stops moving!
The orc wizard shouts!
The centaur shoots an arrow.
The arrow hits you but does no damage.
A centaur comes into view.
The centaur shoots an arrow.
The arrow misses you.
You hear a shout! x3
The helpless scorpion fails to defend itself.
You puncture the scorpion!
You kill the scorpion!
Dithmenos accepts your kill.
The centaur shouts!
The centaur wields a +0 shortbow.
The centaur shoots an arrow.
The arrow hits you.
The centaur shoots an arrow.
The arrow hits you.
You hear a shout!
Your Short Blades skill increases to level 4!
A gnoll and an orc come into view.
The gnoll shouts!
The orc shouts!
You hear a shout!
The centaur shoots an arrow.
The arrow hits you.
You hear a shout!
An orc wizard comes into view. It is wielding a +0 dagger.
The orc wizard shouts!
The centaur shoots an arrow.
The arrow hits you!
The centaur shoots an arrow.
The arrow hits you.
The centaur shoots an arrow.
The arrow hits you.
* * * LOW HITPOINT WARNING * * *
A lemure comes into view.
The lemure hits you!
* * * LOW HITPOINT WARNING * * *
An orc priest comes into view. It is wielding a +0 trident.
The orc wizard mumbles some strange words.
The orc wizard flickers and vanishes!
Deactivating autopickup; reactivate with Ctrl-A.
You hear a shout! x2
There is a stone staircase leading up, spattered with blood here.
Something hits you but does no damage. The lemure hits you!
You die...

...........<....
.................
.........g.......
............c....
................5
.../......$c...o.
.................
.........@5..o.o5
..........{......
.................
.................
.................
.................
.................
.................
..###.####....##


You could see 3 lemures, 2 centaurs, an orc priest, an orc wizard, a gnoll and
an orc.

Vanquished Creatures
  Sigmund (D:5)
  Edmund (D:4)
  An ice beast (D:6)
  2 ogres
  2 phantoms
  2 bullfrogs (Sewer)
  9 scorpions
  A howler monkey (D:6)
  A hound (D:5)
  2 jellies (D:5)
  An orc priest (D:5)
  An orc wizard (D:5)
  2 sleepcaps
  11 adders
  4 worms
  3 dart slugs
  15 orcs
  10 endoplasms
  10 giant cockroaches
  5 goblins
  3 hobgoblins
  12 jackals
  9 quokkas
  19 ball pythons
  8 bats
  10 frilled lizards
  9 kobolds
  6 rats
160 creatures vanquished.

Notes
Turn   | Place    | Note
-------+----------+-------------------------------------------
     0 | D:1      | Malachi the Demonspawn Shapeshifter began the quest for the
                  | Orb.
     0 | D:1      | Reached XP level 1. HP: 15/15 MP: 1/1
   182 | D:1      | Gained mutation: Spells you cast may paralyse adjacent
                  | enemies. [demonic ancestry]
   182 | D:1      | Reached XP level 2. HP: 12/21 MP: 2/2
   309 | D:1      | Learned a level 1 spell: Sandblast
   381 | D:1      | Found Ryemuule's Book Emporium.
  1018 | D:2      | Gained mutation: You regenerate a little health from kills.
                  | [demonic ancestry]
  1018 | D:2      | Reached XP level 3. HP: 25/26 MP: 4/4
  1021 | D:2      | Reached skill level 1 in Spellcasting
  1051 | D:2      | Reached skill level 1 in Earth Magic
  1680 | D:3      | Found a runed translucent gate.
  1680 | D:3      | Found a runed translucent gate.
  1681 | D:3      | Found a runed translucent gate.
  1685 | D:3      | Reached XP level 4. HP: 32/32 MP: 6/6
  1686 | D:3      | Noticed chipmonk's ghost (amateur OpSh)
  1686 | D:3      | Noticed niknal's ghost (amateur TeWr)
  1686 | D:3      | Noticed dracos369's ghost (novice OgHW)
  1906 | D:3      | Found a glowing drain.
  1939 | Sewer    | Entered a sewer
  2068 | Sewer    | HP: 2/48 [frozen (1)]
  2421 | Sewer    | Discovered your monstrous ancestry.
  2421 | Sewer    | Gained mutation: Your touch may inflict minor irresistible
                  | damage on your foes. [demonic ancestry]
  2421 | Sewer    | Reached XP level 5. HP: 36/37 MP: 8/8
  2575 | Sewer    | Gained mutation: Spells you cast may paralyse nearby
                  | enemies. [demonic ancestry]
  2575 | Sewer    | Reached XP level 6. HP: 39/43 MP: 10/10
  3076 | D:3      | Identified a scroll of acquirement
  3076 | D:3      | Acquired the +0 helmet of Ru's Scorn {Fly rElec}
  3213 | D:4      | Noticed Edmund
  3225 | D:4      | Killed Edmund
  3226 | D:4      | Reached skill level 5 in Earth Magic
  3262 | D:4      | Gained mutation: You have large cloven feet. [demonic
                  | ancestry]
  3262 | D:4      | Reached XP level 7. HP: 24/48 MP: 11/11
  4003 | D:5      | Entered Level 5 of the Dungeon
  4366 | D:5      | Gained mutation: Your touch may inflict irresistible damage
                  | on your foes. [demonic ancestry]
  4366 | D:5      | Reached XP level 8. HP: 31/61 MP: 8/12
  4484 | D:5      | Noticed Sigmund
  4489 | D:5      | Killed Sigmund
  4490 | D:5      | Reached skill level 5 in Fighting
  4490 | D:5      | Reached skill level 1 in Short Blades
  4722 | D:5      | Found an ancient bone altar of Kikubaaqudgha.
  5352 | D:6      | Found a staircase to the Ecumenical Temple.
  5818 | Temple   | Entered the Ecumenical Temple
  5844 | Temple   | Became a worshipper of Dithmenos the Shadowed
  5881 | D:7      | Identified the of Orups
  5893 | D:7      | Slain by a lemure

Illustrated notes

Levels and vault maps discovered:
D:1:      heliophobic_arrival_henge, layout_loops_ring, serial_shops, shop,
          nicolae_figureground_pulse
D:2:      layout_loops_ring
D:3:      layout_loops_ring, gammafunk_ghost_cemetery,
          cheibrodos_sewer_entry_sluice
D:4:      layout_cave_pools, uniq_edmund
D:5:      layout_loops_cross, mainiacjoe_overflow_alcove_2, st_stairs_2,
          kennysheep_generic_room_13, uniq_sigmund
D:6:      layout_gridville, minmay_temple_entry_mini_moons
D:7:      layout_basic, mainiacjoe_overflow_six_doors_small,
          gammafunk_ghost_necromancy, uniq_pikel
Temple:   nicolae_temple_bog_church

Skill      XL: |  1  2  3  4  5  6  7  8 |
---------------+-------------------------+-----
Unarmed Combat | 3 |  3.3
Spellcasting   | 1 2 3 |  3.0
Earth Magic    | 1 2 4 5 6 |  6.0
Fighting       | 4 6 |  6.8
Short Blades   | 4 |  4.0
Dodging        | |  1.7
Shapeshifting  | |  2.6

Action                     |  1- 3 |  4- 6 |  7- 9 || total
---------------------------+-------+-------+-------++-------
  Melee: Unarmed           |   176 |   206 |    35 ||   417
         Punch             |     2 |     4 |     4 ||    10
         Touch             |       |    14 |    32 ||    46
         Dagger            |       |       |    97 ||    97
   Cast: Sandblast         |       |     7 |    51 ||    58
    Use: Potion            |       |     3 |       ||     3
         Scroll            |       |     3 |     7 ||    10
   Stab: Paralysed         |       |     7 |    24 ||    31
 Armour: Ring mail         |   123 |   159 |    95 ||   377
         Animal skin       |     5 |       |       ||     5
         Skin              |       |     6 |       ||     6
  Dodge: Dodged            |   127 |   134 |    64 ||   325
         Form:             |       |     1 |       ||     1
         Beast             |       |     1 |       ||     1

Table legend: (Time is in decaauts)
 A = Elapsed time spent in this place.
 B = Non-inter-level travel time spent in this place.
 C = Inter-level travel time spent in this place.
 D = Time resting spent in this place.
 E = Time spent auto-exploring this place.
 F = Levels seen in this place.
 G = Mean time per level.
                   A        B        C        D        E       F      G
               +--------+--------+--------+--------+--------+-----+--------+
         Total |   5952 |   5630 |    322 |    675 |   3555 |   9 |  661.3 |
       Dungeon |   5190 |   4888 |    302 |    386 |   3439 |   7 |  741.4 |
        Temple |     47 |     27 |     20 |      0 |      0 |   1 |   47.0 |
         Sewer |    715 |    715 |      0 |    289 |    116 |   1 |  715.0 |
               +--------+--------+--------+--------+--------+-----+--------+

Top non-repeatable levels by time:
     D:5: 1045 daAuts
     D:1: 904 daAuts
     D:3: 848 daAuts
     D:4: 822 daAuts
     D:6: 803 daAuts
     D:2: 752 daAuts
   Sewer: 715 daAuts
  Temple: 47 daAuts
     D:7: 11 daAuts
